 Dungeon Crawl Stone Soup version 0.29-a0-1006-g0dd7720b37 (webtiles) character file.

Game seed: 8556103041043782329

10046 Mesmaeker13 the Martial Artist (level 11, -6/75 HPs)
             Began as an Octopode Transmuter on Aug 6, 2022.
             Was an Initiate of Ashenzari.
             Mangled by a thrashing horror (7 damage)
             ... on level 1 of the Abyss.
             The game lasted 00:33:18 (14296 turns).

Mesmaeker13 the Martial Artist (OpTm)              Turns: 14296, Time: 00:33:19

Health: -6/75      AC: 11    Str: 11    XL:     11   Next: 56%
Magic:  6/16       EV: 10    Int: 17    God:    Ashenzari [......]
Gold:   1227       SH:  0    Dex: 20    Spells: 2/16 levels left

rFire   . . .      SeeInvis +     - Unarmed
rCold   + + .      Faith    .   (shield currently unavailable)
rNeg    . . .      Spirit   .   (helmet currently unavailable)
rPois   +          Reflect  .   u - amulet of regeneration
rElec   .          Harm     .   e - ring of the Distant Oblivion {SInv, Self, Alch} (curse)
rCorr   .          Rampage  .   C - +6 ring of dexterity
Will    .....                   D - ring of fire
Stlth   ++........              I - ring of poison resistance
HPRegen 1.02/turn               (no ring)
MPRegen 0.15/turn               (no ring)
                                (no ring)
                                (no ring)

@: ice-form
A: freezing attack, boosted hp, almost no armour, amphibious, 8 rings, large,
(camouflage 1), (gelatinous body 1), (nimble swimmer 1), (tentacles), (tentacle
spike 1), (electricity resistance)
a: End Transformation, Renounce Religion, Curse Item, Shatter the Chains


You were on level 1 of the Abyss.
You worshipped Ashenzari.
Ashenzari was noncommittal.
You were a creature of crystalline ice.
You visited 2 branches of the dungeon, and saw 11 of its levels.
You visited the Abyss 1 time.
You also visited: Bailey.

You collected 1587 gold pieces.
You spent 360 gold pieces at shops.

Inventory:

Hand Weapons
 n - a +3 demon blade of electrocution
 s - a +2 vorpal spear
Missiles
 r - 13 throwing nets (quivered)
Armour
 g - a +2 buckler
 t - a +0 kite shield
 x - the +0 hat of the Solstice (melded) {Int+9}
   (You found it on level 7 of the Dungeon)

   Int:       It affects your intelligence (+9).
 E - an orb of light (melded)
Jewellery
 e - the cursed ring of the Distant Oblivion (left front paw) {SInv, Self, Alch}
   (You found it on level 4 of the Dungeon)

   [ring of see invisible]

   SInv:      It lets you see invisible.
   It has a curse which improves the following skills: Introspection: Fighting
   and Spellcasting.
   Alchemy:   Poison Magic and Transmutations.
 u - an amulet of regeneration (around neck)
 C - a +6 ring of dexterity (right front paw)
 D - a ring of fire (on tentacle)
 I - a ring of poison resistance (on tentacle)
Wands
 l - a wand of flame (10)
Scrolls
 a - 5 scrolls of vulnerability
 b - 3 scrolls of magic mapping
 d - 3 scrolls of enchant weapon
 i - a scroll of poison
 j - 2 scrolls of enchant armour
 k - 3 scrolls of noise
 m - a scroll of blinking {unknown}
 q - a scroll of amnesia {unknown}
 y - 3 scrolls of fog {unknown}
 B - a scroll of fear {unknown}
 F - a scroll of brand weapon {unknown}
 H - a scroll of teleportation {unknown}
 J - 2 scrolls of silence {unknown}
Potions
 f - 2 potions of magic
 h - 2 potions of berserk rage
 o - 2 potions of might
 p - 2 potions of attraction {unknown}
 v - a potion of invisibility {unknown}
 w - 4 potions of curing
 z - a potion of cancellation {unknown}
 A - a potion of lignification
 G - a potion of haste {unknown}


   Skills:
 - Level 1.0(1.2) Fighting
 - Level 2.0 Dodging
 + Level 10.0 Unarmed Combat
 - Level 3.0(3.3) Spellcasting
 + Level 6.2 Summonings
 + Level 9.7(10.1) Transmutations
 + Level 8.7 Ice Magic
 - Level 5.2(5.6) Poison Magic


You had 2 spell levels left.
You knew the following spells:

 Your Spells              Type           Power      Damage    Failure   Level
a - Beastly Appendage     Tmut           74%        N/A       1%          1
b - Wereblood             Tmut           37%        N/A       1%          2
c - Spider Form           Tmut/Pois      29%        N/A       1%          3
d - Ice Form              Ice/Tmut       35%        N/A       3%          4
e - Summon Ice Beast      Ice/Summ       28%        N/A       8%          4

Your spell library contained the following spells:

 Spells                   Type           Power      Damage    Failure   Level
 Necrotise                Necr           8%         1d4       17%         1
 Sublimation of Blood     Necr           2%         N/A       26%         2
 Gell's Gravitas          Tloc           2%         N/A       45%         3
 Lesser Beckoning         Tloc           2%         N/A       45%         3
 Teleport Other           Tloc           2%         N/A       45%         3
 Vampiric Draining        Necr           2%         2d6       45%         3
 Summon Mana Viper        Hex/Summ       13%        N/A       78%         5
 Statue Form              Tmut/Erth      13%        N/A       97%         6
 Agony                    Necr           2%         N/A       99%         5
 Borgnjor's Vile Clutch   Necr/Erth      1%         N/A       99%         5
 Haunt                    Necr/Summ      6%         N/A       100%        7
 Monstrous Menagerie      Summ           12%        N/A       100%        7


Dungeon Overview and Level Annotations

Branches:
Dungeon (10/15)            Temple (1/1) D:4          Bailey (visited)
   Lair: D:8-11         Orc: D:9-12

Altars:
Ashenzari
Cheibriados
Dithmenos
Elyvilon
Fedhas
Gozag
Kikubaaqudgha
Makhleb
Nemelex Xobeh
Okawaru
Qazlal
Ru
Sif Muna
Trog
Uskayaw
Vehumet
Wu Jian
Xom
Yredelemnul
Zin
The Shining One

Shops:
D:6 =

Annotations:
D:9 2 runed translucent doors
D:10 Erolcha


Innate Abilities, Weirdness & Mutations

You are a creature of crystalline ice.
You have a powerful freezing melee attack.
Your maximum health is increased.
Your armour is entirely melded.
You are incapable of wielding weapons or throwing items.
You cannot wear most types of armour.
You are amphibious.
You can wear up to eight rings at the same time.
((Your skin changes colour to match your surroundings (Stealth+).))
((Your rubbery body absorbs attacks. (AC +1, EV +1)))
((You are camouflaged when in or above water. (Stealth+)))
((You have tentacles for arms and can constrict up to eight enemies at once.))
((One of your tentacles bears a spike.))
((You are resistant to electric shocks. (rElec)))


Message History

You barely miss the thrashing horror.
The thrashing horror is moderately damaged.
The thrashing horror tramples you.
* * * LOW HITPOINT WARNING * * *
You hold your ground!
The thrashing horror barely misses you.
The thrashing horror tramples you but does no damage. x2
You punch the thrashing horror! You freeze the thrashing horror.
The thrashing horror is heavily damaged.
The thrashing horror barely misses you. The thrashing horror tramples you.
* * * LOW HITPOINT WARNING * * *
You stumble backwards!
Unknown command.
The thrashing horror tramples you.
* * * LOW HITPOINT WARNING * * *
You stumble backwards!
The thrashing horror barely misses your ice beast.
The thrashing horror tramples your ice beast but does no damage.
Your ice beast barely misses the thrashing horror.
The thrashing horror tramples you.
* * * LOW HITPOINT WARNING * * *
You hold your ground!
The thrashing horror closely misses you.
You barely miss the thrashing horror.
The thrashing horror is heavily damaged.
The thrashing horror tramples you.
* * * LOW HITPOINT WARNING * * *
You hold your ground!
The thrashing horror tramples you but does no damage.
Your ice beast hits the thrashing horror.
Your ice beast freezes the thrashing horror.
The thrashing horror resists.
The thrashing horror tramples your ice beast!
Your ice beast stumbles backwards!
The thrashing horror roars!
The thrashing horror tramples you!
* * * LOW HITPOINT WARNING * * *
You stumble backwards!
The thrashing horror tramples you but does no damage.
The thrashing horror tramples you!
You die...

##. ... . .#...# #
. #####. ... . .
.....# ##. # #... #
. ... #..#... # #
#..#. #. # ##..#. .
. #....#.#+######
.# ..#.....Y.....#
#.#...#......X....#
. ###.........# .
#......Y..#
#######.### ...
..... ..## .. ..# .


You could see a thrashing horror (ally target) and a friendly ice beast
(summoned).

Vanquished Creatures
  A two-headed ogre (D:9)
  4 kobold demonologists
  2 trolls
  Sigmund (D:3)
  A wraith (D:9)
  2 wyverns
  11 yaks
  4 vampire mosquitoes (D:10)
  A water moccasin (D:6)
  12 orc warriors
  2 sky beasts
  3 ogres
  A wolf (D:6)
  2 phantoms (D:5)
  3 kobold brigands
  2 bullfrogs
  A necrophage (D:5)
  4 gnoll sergeants
  2 scorpions (D:5)
  3 wights (D:7)
  8 electric eels
  3 howler monkeys
  7 hounds
  4 gnoll boudas
  An orc priest (D:9)
  2 iguanas
  Jessica (D:2)
  Ijyb (D:3)
  8 orc wizards
  Natasha (thrice) (D:2)
  Robin (D:3)
  50 gnolls
  8 adders
  3 white imps
  An ufetubus (D:4)
  6 dart slugs
  26 orcs
  4 bats
  8 endoplasms
  22 goblins
  15 hobgoblins
  8 jackals
  3 kobolds
  A nameless horror (D:3)
  4 quokkas
  15 ball pythons
  5 frilled lizards
  3 rats
283 creatures vanquished.

Vanquished Creatures (collateral kills)
  Maggie (D:9)
  A yak (D:8)
  An orc warrior (D:7)
  2 orcs
  A hobgoblin (Bailey)
6 creatures vanquished.

Vanquished Creatures (others)
  5 fungi (D:4)
5 creatures vanquished.

Grand Total: 294 creatures vanquished

Notes
Turn   | Place    | Note
-------+----------+-------------------------------------------
     0 | D:1      | Mesmaeker13 the Octopode Transmuter began the quest for the
                  | Orb.
     0 | D:1      | Reached XP level 1. HP: 13/13 MP: 3/3
   204 | D:1      | Reached XP level 2. HP: 11/18 MP: 5/5
   649 | D:1      | Reached XP level 3. HP: 23/23 MP: 4/6
  1163 | D:1      | Found a faded altar of an unknown god.
  1210 | D:1      | Learned a level 2 spell: Wereblood
  1221 | D:2      | Noticed Jessica
  1230 | D:2      | Killed Jessica
  1231 | D:2      | Reached XP level 4. HP: 16/28 MP: 5/8
  1424 | D:2      | Learned a level 3 spell: Spider Form
  1567 | D:2      | Noticed Natasha
  1584 | D:1      | Gained mutation: You are resistant to electric shocks.
                  | (rElec) [potion of mutation]
  1584 | D:1      | Gained mutation: One of your tentacles bears a spike.
                  | [potion of mutation]
  1846 | D:2      | Found a burning altar of Makhleb.
  1903 | D:2      | Killed Natasha
  1904 | D:2      | Reached skill level 4 in Unarmed Combat
  1904 | D:2      | Reached skill level 1 in Poison Magic
  1904 | D:2      | Reached XP level 5. HP: 33/33 MP: 9/9
  1987 | D:2      | Noticed Natasha
  1999 | D:2      | Killed Natasha
  2476 | D:2      | Noticed Natasha
  2482 | D:2      | Killed Natasha
  2819 | D:3      | Reached XP level 6. HP: 38/38 MP: 8/10
  2865 | D:3      | Noticed Robin
  2885 | D:3      | Killed Robin
  2984 | D:3      | Noticed Ijyb
  2995 | D:3      | Killed Ijyb
  3009 | D:3      | Learned a level 4 spell: Ice Form
  3015 | D:3      | Found a broken altar of Ashenzari.
  3228 | D:3      | Noticed Sigmund
  3481 | D:4      | Found a staircase to the Ecumenical Temple.
  3498 | Temple   | Entered the Ecumenical Temple
  3821 | D:3      | Became a worshipper of Ashenzari the Shackled
  3918 | D:4      | Found a white marble altar of Elyvilon.
  3919 | D:4      | Found a bloodstained altar of Trog.
  3920 | D:4      | Found a glowing golden altar of the Shining One.
  3965 | D:4      | Reached skill level 1 in Ice Magic
  4080 | D:4      | Identified the +0 leather armour "Pam Hifa" {Dex+3}
  4096 | D:4      | Found an ancient bone altar of Kikubaaqudgha.
  4763 | D:5      | Entered Level 5 of the Dungeon
  4847 | D:5      | Reached skill level 5 in Unarmed Combat
  4847 | D:5      | Reached XP level 7. HP: 28/43 MP: 11/11
  5643 | D:5      | Reached skill level 5 in Transmutations
  5643 | D:5      | Reached XP level 8. HP: 24/48 MP: 9/12
  6460 | D:5      | Reached skill level 5 in Poison Magic
  6768 | D:5      | Reached skill level 6 in Unarmed Combat
  6795 | D:5      | HP: 1/48 [gnoll/+0 spear[a gnoll sergeant] (6)]
  7652 | D:6      | Found an iron altar of Okawaru.
  7678 | D:6      | HP: 2/48 [hound (4)]
  8291 | D:6      | Reached XP level 9. HP: 53/53 MP: 7/14
  8435 | D:6      | Found Hueschi's Jewellery Shop.
  8457 | D:6      | Found an opulent altar of Gozag.
  8509 | D:6      | Found a burning altar of Makhleb.
  8696 | D:6      | Reached skill level 5 in Ice Magic
  8882 | D:6      | Reached skill level 7 in Unarmed Combat
  9820 | D:6      | Found a glowing silver altar of Zin.
  9820 | D:6      | Noticed a green death
  9820 | D:6      | Noticed an angel
  9963 | D:6      | Bought an amulet of regeneration for 360 gold pieces
 10081 | D:7      | Learned a level 4 spell: Summon Ice Beast
 10116 | D:7      | Identified the +0 hat of the Solstice {Int+9}
 10441 | D:7      | Reached skill level 1 in Summonings
 10786 | D:8      | Reached skill level 8 in Unarmed Combat
 10791 | D:8      | Reached XP level 10. HP: 58/58 MP: 7/15
 10886 | D:8      | Got the Textbook on Iron Shadows
 11533 | D:8      | Found an ornate altar of the Wu Jian Council.
 11768 | D:3      | Killed Sigmund
 12051 | D:9      | Noticed a two-headed ogre
 12070 | D:9      | Noticed Maggie
 12090 | D:9      | Noticed a kobold demonologist
 12094 | D:9      | Killed Maggie
 12144 | D:9      | Noticed a kobold demonologist
 12320 | D:9      | Noticed a two-headed ogre
 12457 | D:9      | Killed a kobold demonologist
 12531 | D:8      | Killed a kobold demonologist
 12664 | D:9      | Killed a two-headed ogre
 12665 | D:9      | Reached skill level 9 in Unarmed Combat
 12767 | D:9      | Found a large runed translucent door.
 12767 | D:9      | Found a large runed translucent door.
 12900 | D:9      | Reached XP level 11. HP: 40/63 MP: 16/16
 12968 | D:9      | Reached skill level 5 in Summonings
 13131 | D:9      | Noticed a cyclops
 13148 | D:10     | Entered Level 10 of the Dungeon
 13174 | D:10     | Found a hide-covered altar of Uskayaw.
 13198 | D:10     | Found a flagged portal.
 13207 | Bailey   | Entered a bailey
 13623 | Bailey   | Found an iron altar of Okawaru.
 13648 | Bailey   | Identified the +2 ice dragon scales of Kleptomania {*Slow
                  | rF- rC++ Will+ Str+3 Dex+6}
 13880 | Bailey   | Acquired 942 gold pieces
 14201 | D:10     | Reached skill level 10 in Unarmed Combat
 14246 | D:10     | Noticed Erolcha
 14246 | Abyss:1  | Cast into level 1 of the Abyss (Erolcha)
 14277 | Abyss:1  | Noticed a thrashing horror
 14296 | Abyss:1  | HP: 1/75 [thrashing horror (10)]
 14296 | Abyss:1  | Mangled by a thrashing horror

Illustrated notes

Levels and vault maps discovered:
D:1:      dpeg_arrival_shrine, layout_loops_cross, ebering_ecumenical_altar_rust
D:2:      layout_basic, basic_altar, minmay_surrounded, uniq_jessica,
          uniq_natasha
D:3:      layout_rooms, evilmike_ruin_ashenzari, uniq_robin, uniq_sigmund,
          uniq_ijyb
D:4:      layout_basic, lemuel_coloured_pillars_altar, minitemple,
          minmay_temple_entry_mini_moons, dreamdust_mushroom_princess
D:5:      minmay_evil_eye, layout_rooms, minmay_liquid_box
D:6:      layout_cave_pools, grunt_temple_overflow_order_and_chaos_2,
          nicolae_gozag_seed_capital, okawaru_ov_weapons_minmay,
          serial_gnoll_camp, gnoll_camp_mini_basic, gnoll_camp_huts_moat,
          gnoll_camp_mini_house, gnoll_camp_mini_shop, gnoll_camp_medium_01
D:7:      layout_basic
D:8:      layout_loops_ring, pdpol_wu_jian_five_deadly_venoms
D:9:      okawaru_arena_lexackson, layout_rooms, uniq_maggie
D:10:     layout_cave_pools, nicolae_uskayaw_suspiria,
          mainiacjoe_overflow_alcove_2, enter_bailey_3, serial_co_window_serial,
          co_window_paths_a, co_window_paths_a, co_window_paths_b,
          co_window_paths_a, co_window_of_opportunity_a, co_window_broadway_b,
          co_window_cross_2, co_window_corner_b, co_window_corner_ca,
          co_window_4corner_a, co_window_4corner_b, glass_columns_a,
          glass_columns_a, minivault_24, minmay_misc_feat_enclosed, uniq_erolcha
Temple:   jpeg_temple_alley_garden
Abyss:1:  base:
D:2

Skill      XL: |  1  2  3  4  5  6  7  8  9 10 11 |
---------------+----------------------------------+-----
Transmutations | 3 4 5 6 7 9 |  9.7
Spellcasting   | 3 |  3.0
Unarmed Combat | 4 5 6 8 9 10 | 10.0
Poison Magic   | 1 2 3 4 5 |  5.2
Ice Magic      | 1 2 4 6 7 8 |  8.7
Summonings     | 2 4 6 |  6.2
Fighting       | |  1.0
Dodging        | |  2.0

Action                   |  1- 3 |  4- 6 |  7- 9 | 10-12 || total
-------------------------+-------+-------+-------+-------++-------
Melee: Unarmed           |    54 |   146 |   318 |   274 ||   792
       Kick              |    14 |    46 |    15 |     4 ||    79
       Constrict         |    13 |    28 |    13 |     3 ||    57
       Tentacles         |     5 |    19 |     8 |     2 ||    34
       Punch             |     2 |     4 |     2 |       ||     8
Throw: Dart              |     4 |     9 |       |       ||    13
       Throwing net      |       |       |       |     3 ||     3
 Cast: Beastly Appendage |    16 |     3 |       |       ||    19
       Wereblood         |       |     3 |    10 |     6 ||    19
       Spider Form       |       |     1 |    12 |     1 ||    14
       Ice Form          |       |       |    25 |    24 ||    49
       Summon Ice Beast  |       |       |     2 |    18 ||    20
Invok: Curse Item        |       |       |     1 |       ||     1
 Abil: End Transformatio |       |       |       |     1 ||     1
Evoke: Wand              |       |    13 |     9 |     2 ||    24
  Use: Potion            |       |     4 |     3 |     2 ||     9
       Scroll            |       |     4 |     2 |     4 ||    10
 Stab: Sleeping          |     1 |    12 |       |       ||    13
       Distracted        |       |     1 |       |     1 ||     2
       Invisible         |       |     1 |     5 |     1 ||     7
Armor: Skin              |       |    12 |    51 |    94 ||   157
Dodge: Dodged            |    42 |    92 |   162 |   132 ||   428

Table legend: (Time is in decaauts)
 A = Elapsed time spent in this place.
 B = Non-inter-level travel time spent in this place.
 C = Inter-level travel time spent in this place.
 D = Time resting spent in this place.
 E = Time spent auto-exploring this place.
 F = Levels seen in this place.
 G = Mean time per level.
                   A        B        C        D        E       F      G
               +--------+--------+--------+--------+--------+-----+--------+
         Total |  14254 |  13484 |    770 |   3642 |   6498 |  13 | 1096.5 |
       Dungeon |  13291 |  12577 |    714 |   3559 |   6158 |  10 | 1329.1 |
        Temple |    252 |    196 |     56 |      0 |    191 |   1 |  252.0 |
         Abyss |     48 |     48 |      0 |      0 |      0 |   1 |   48.0 |
        Bailey |    662 |    662 |      0 |     83 |    149 |   1 |  662.0 |
               +--------+--------+--------+--------+--------+-----+--------+

Top non-repeatable levels by time:
     D:6: 2630 daAuts
     D:5: 2043 daAuts
     D:4: 1773 daAuts
     D:1: 1417 daAuts
     D:2: 1286 daAuts
     D:8: 1214 daAuts
     D:3: 976 daAuts
     D:7: 805 daAuts
     D:9: 736 daAuts
  Bailey: 662 daAuts
    D:10: 408 daAuts
  Temple: 252 daAuts
 Abyss:1: 48 daAuts
